 Dungeon Crawl Stone Soup version 0.22-a0-161-g198051c (webtiles) character file.

383 b5mith the Slasher (level 7, -9/54 HPs)
             Began as a Human Berserker on Feb 10, 2018.
             Was a Believer of Trog.
             Mangled by an iguana (11 damage)
             ... on level 4 of the Dungeon.
             The game lasted 00:12:24 (3253 turns).

b5mith the Slasher (Human Berserker)                Turns: 3253, Time: 00:12:24

Health: -9/54      AC:  8    Str: 19    XL:     7   Next: 5%
Magic:  7/7        EV: 11    Int:  7    God:    Trog [**....]
Gold:   134        SH:  0    Dex: 13    Spells: 6/6 levels left

rFire    . . .     SeeInvis .   j - +2 long sword (holy)
rCold    . . .     Gourm    .   (no shield)
rNeg     . . .     Faith    .   d - +0 scale mail
rPois    .         Spirit   .   m - +1 helmet
rElec    .         Reflect  .   (no cloak)
rCorr    .         Harm     .   (no gloves)
MR       .....                  (no boots)
Stlth    ..........             (no amulet)
HPRegen  0.18/turn              (no ring)
MPRegen  0.10/turn              (no ring)

@: no status effects
A: no striking features
a: Berserk, Trog's Hand, Burn Spellbooks, Renounce Religion


You were on level 4 of the Dungeon.
You worshipped Trog.
Trog was pleased with you.
You were not hungry.

You visited 1 branch of the dungeon, and saw 4 of its levels.

You collected 134 gold pieces.

Inventory:

Hand Weapons
 a - a +0 spear
 j - a +2 long sword of holy wrath (weapon)
Missiles
 l - 55 stones
 n - 6 tomahawks (quivered)
Armour
 d - a +0 scale mail (worn)
 m - a +1 helmet (worn)
Wands
 e - a wand of random effects (31)
 q - a wand of digging (18)
Scrolls
 b - a scroll of identify
 f - a scroll of noise {unknown}
 h - a scroll of immolation {unknown}
 i - 2 scrolls of enchant armour
 k - 2 scrolls of magic mapping
 p - 2 scrolls of teleportation
Potions
 g - 2 potions of heal wounds
 o - 2 potions of lignification {unknown}
 r - a potion of degeneration {unknown}
Comestibles
 c - 2 rations


   Skills:
 + Level 4.1 Fighting
 * Level 4.2 Long Blades
 - Level 3.3 Polearms
 + Level 2.0 Throwing
 + Level 2.7 Armour
 + Level 2.7 Dodging
 + Level 0.8 Stealth


You had 6 spell levels left.
You didn't know any spells.

Dungeon Overview and Level Annotations

Branches:
Dungeon (4/15)
 Temple: D:4-7

Altars:
Nemelex Xobeh

Annotations:
D:3 Grinder


Message History

The ogre closely misses you.
You riposte.
Your scale mail prevents you from hitting the ogre.
You hit the ogre.
The ogre is lightly wounded.
The ogre hits you with a giant club!!
You slash the ogre!
The ogre is moderately wounded.
The ogre hits you with a giant club!!
* * * LOW HITPOINT WARNING * * *
The ogre barely misses you.
There is a stone staircase leading up, spattered with blood here.
The leopard gecko bites you but does no damage.
You climb upwards.
Level annotation: Grinder
There is a stone staircase leading down here.
You barely miss the leopard gecko. The leopard gecko bites you.
* * * LOW HITPOINT WARNING * * *
The leopard gecko misses you.
Grinder blinks!
You climb downwards.
The iguana bites you!
You die...

#...#....# .#
..#......######.######
.....!................
....#..).##......#####
. #..?...#............
###............###..
#.................
#.##.##.O[l......
#.#.##.....@l..####
#..........la..####
.....##............#
#### #..#.........###
#.....#..........#
#..........รท......#
........###........#
.##.....# #........#
...######........##


You could see an ogre, an iguana, a worker ant and 2 leopard geckos.

Vanquished Creatures
  A scorpion (D:3)
  A howler monkey (D:4)
  2 hounds (D:4)
  A bullfrog skeleton (D:4)
  An orc priest (D:3)
  Ijyb (D:4)
  Terence (D:3)
  6 adders
  3 oozes
  A worm (D:3)
  A dart slug (D:1)
  3 leopard geckos
  5 orcs (D:3)
  3 giant cockroaches
  4 goblins
  6 hobgoblins
  7 bats
  6 frilled lizards
  6 kobolds
  6 rats
65 creatures vanquished.

Notes
Turn   | Place    | Note
-------+----------+-------------------------------------------
     0 | D:1      | b5mith the Human Berserker began the quest for the Orb.
     0 | D:1      | Reached XP level 1. HP: 18/18 MP: 1/1
   535 | D:1      | Reached XP level 2. HP: 24/24 MP: 2/2
  1132 | D:2      | Reached XP level 3. HP: 29/29 MP: 3/3
  1202 | D:2      | Found a sparkling altar of Nemelex Xobeh.
  1571 | D:2      | Reached skill level 1 in Long Blades
  1571 | D:2      | Reached XP level 4. HP: 36/36 MP: 4/4
  2051 | D:3      | Reached ** piety under Trog
  2377 | D:3      | Noticed Terence
  2404 | D:3      | Killed Terence
  2404 | D:3      | Reached XP level 5. HP: 6/42 MP: 5/5
  2765 | D:3      | Noticed Grinder
  2819 | D:3      | Paralysed by Grinder for 7 turns
  2880 | D:4      | Reached skill level 1 in Throwing
  2880 | D:4      | Reached XP level 6. HP: 30/48 MP: 6/6
  2909 | D:4      | Noticed Ijyb
  2920 | D:4      | Killed Ijyb
  2943 | D:4      | Noticed an ogre
  2967 | D:3      | Reached XP level 7. HP: 16/54 MP: 7/7
  3251 | D:3      | HP: 2/54 [leopard gecko (3)]
  3253 | D:4      | Mangled by an iguana

Vault maps used:
D:1:      dpeg_arrival_connections
D:2:      overflow_temple_1_default, first_ration
D:3:      minmay_randomly_rotated_circles, uniq_terence, uniq_grinder
D:4:      minmay_lizard_king, uniq_ijyb

Skill      XL: |  1  2  3  4  5  6 |
---------------+-------------------+-----
Long Blades    | 1 2 3 4 |  4.2
Throwing       | 1 2 |  2.0
Fighting       | 4 |  4.1
Polearms       | |  3.3
Armour         | |  2.7
Dodging        | |  2.7
Stealth        | |  0.8

Action                   |  1- 3 |  4- 6 |  7- 9 || total
-------------------------+-------+-------+-------++-------
Melee: Spear             |    77 |       |       ||    77
       Long sword        |    30 |   108 |     3 ||   141
Throw: Tomahawk          |     3 |    29 |       ||    32
       Stone             |       |    12 |       ||    12
  Use: Scroll            |     2 |     2 |       ||     4
 Stab: Sleeping          |     1 |     1 |       ||     2
  Eat: Ration            |     1 |     1 |     1 ||     3
Armor: Animal skin       |    25 |    14 |       ||    39
       Scale mail        |       |    38 |     1 ||    39
Dodge: Dodged            |    73 |    65 |     9 ||   147
       Rpst.: Long sword |    12 |    27 |     1 ||    40

Table legend:
 A = Spawn XP
 B = Non-spawn XP
 C = Spawn XP percentage of total XP
 D = Spawn monster count
 E = Non-spawn monster count
 F = Spawn count percentage of total count
 G = Total turns spent on level
                    A         B        C        D         E        F      G
               +---------+---------+-------+---------+---------+-------+---------
         Total |       0 |     548 |   0.0 |       0 |      65 |   0.0 |  3253
               +---------+---------+-------+---------+---------+-------+---------
           D:1 |       0 |      17 |   0.0 |       0 |      10 |   0.0 |   967
           D:2 |       0 |      61 |   0.0 |       0 |      20 |   0.0 |  1069
           D:3 |       0 |     235 |   0.0 |       0 |      27 |   0.0 |  1104
           D:4 |       0 |     235 |   0.0 |       0 |       8 |   0.0 |   113
               +---------+---------+-------+---------+---------+-------+---------
